Map: Ruins of Seras

Players

LiquidTLO (TLO) - Winner!

  • Race: Zerg Zerg
  • League: Grandmaster

LiquidSnute (Snute)

  • Race: Zerg Zerg
  • League: Grandmaster

Event: DreamHack ZOWIE Open Leipzig

VOD

Have the link to the VOD?

Description

Time

  • Played on: Jan. 22, 2016, 12:27 p.m.
  • Length: 9:13

All games in this series

Show
View Real Time Build Order
Export as new Build Order

LiquidTLO Zerg - Winner!

Build Orders: Hatch First 

Get SALT Encoding   

  12  0:01  Drone  
  13  0:12  Overlord  
  13  0:18  Drone  
  14  0:31  Drone x2  
  16  0:35  Drone  
  17  0:53  Hatchery  
  17  0:56  Drone  
  17  1:00  Drone  
  18  1:13  Spawning Pool  
  18  1:16  Drone  
  18  1:18  Extractor  
  18  1:21  Drone  
  18  1:28  Drone  
  19  1:39  Overlord  
  19  1:52  Drone  
  20  2:00  Queen  
  20  2:01  Zergling x2  
  23  2:05  Drone  
  23  2:06  Queen  
  26  2:13  Drone  
  27  2:16  Drone  
  27  2:22  Drone  
  29  2:27  Drone  
  30  2:37  Hatchery, Drone  
  30  2:43  Drone  
  31  2:44  Metabolic Boost  
  31  2:51  Baneling Nest  
  31  2:57  Overlord  
  30  2:59  Zergling x2  
  30  3:04  Zergling x2  
  30  3:05  Drone x2  
  34  3:10  Zergling x2  
  35  3:13  Drone  
  35  3:16  Drone x2  
  35  3:18  Drone  
  39  3:23  Drone  
  39  3:24  Drone  
  39  3:25  Drone  
  41  3:29  Drone  
  41  3:30  Drone  
  42  3:36  Baneling x2  
  42  3:40  Overlord, Zergling x2  
  43  3:46  Baneling  
  43  3:48  Queen  
  43  3:49  Overlord  
  43  3:53  Drone x2, Extractor  
  43  3:54  Zergling x2  
  47  3:58  Baneling  
  47  3:59  Zergling x4  
  47  4:01  Zergling x2  
  47  4:02  Zergling x4  
  52  4:04  Drone  
  52  4:07  Drone  
  54  4:12  Overlord  
  54  4:14  Drone  
  54  4:15  Drone  
  56  4:19  Lair  
  56  4:21  Zergling x2  
  57  4:26  Drone x2, Extractor  
  57  4:29  Extractor, Zergling x2  
  58  4:32  Drone x2  
  58  4:33  Drone  
  58  4:37  Drone  
  58  4:38  Drone  
  62  4:41  Drone  
  62  4:45  Drone  
  64  4:46  Drone  
  64  4:49  Drone  
  64  4:50  Zergling x2  
  64  4:51  Drone  
  68  4:56  Drone x2  
  68  4:58  Drone  
  67  5:00  Drone x2  
  67  5:03  Drone  
  67  5:06  Zergling x4  
  69  5:08  Spine Crawler  
  69  5:09  Drone x3  
  69  5:10  Drone  
  69  5:11  Extractor  
  69  5:14  Drone, Extractor  
  70  5:18  Spire  
  70  5:20  Drone  
  71  5:24  Overlord  
  71  5:25  Drone  
  72  5:31  Drone  
  72  5:33  Overlord x2  
  72  5:35  Overlord  
  73  5:38  Overlord  
  73  5:41  Overlord  
  73  5:43  Overlord  
  73  5:47  Drone  
  73  5:48  Drone x3  
  77  6:09  Hatchery  
  75  6:24  Overlord  
  75  6:30  Mutalisk x13  
  101  6:33  Mutalisk  
  101  6:35  Overlord  
  101  6:37  Drone  
  104  6:41  Zerg Flyer Armor Level 1  
  104  6:45  Zergling x4  
  105  6:48  Mutalisk  
  105  6:50  Overlord x2  
  105  6:53  Mutalisk  
  107  6:59  Mutalisk  
  107  7:04  Zergling x4  
  107  7:05  Zergling x2  
  107  7:07  Mutalisk  
  113  7:08  Drone  
  113  7:09  Drone x2  
  113  7:13  Zergling x4  
  113  7:15  Evolution Chamber  
  116  7:17  Evolution Chamber, Drone x2  
  116  7:18  Drone x3  
  116  7:20  Zergling x2  
  116  7:21  Zergling x2  
  122  7:26  Drone  
  123  7:31  Infestation Pit, Zergling x2  
  123  7:32  Zergling x2  
  123  7:33  Zergling x4  
  123  7:36  Baneling x2  
  126  7:37  Drone x2  
  128  7:51  Zergling x8  
  127  7:53  Zergling x2  
  127  7:58  Mutalisk x2  
  128  7:59  Mutalisk  
  128  8:00  Mutalisk x2  
  128  8:02  Zergling x2  
  128  8:03  Zergling x4  
  128  8:04  Zergling x2  
  136  8:07  Overlord  
  136  8:10  Spine Crawler  
  135  8:18  Zergling x6  
  135  8:19  Overlord  
  136  8:21  Extractor  
  136  8:23  Baneling, Extractor  
  136  8:24  Baneling x8  
  136  8:26  Mutalisk  
  136  8:27  Mutalisk  
  136  8:28  Mutalisk x2  
  136  8:29  Zergling x4  
  136  8:30  Zergling x6  
  147  8:35  Mutalisk  
  147  8:36  Baneling x2  
  147  8:39  Zergling x4  
  147  8:40  Zergling x2  
  152  8:41  Zergling x2  
  152  8:43  Mutalisk  
  135  9:06  Extractor  
Show
View Real Time Build Order
Export as new Build Order

LiquidSnute Zerg 

Build Orders: Hatch First 

Get SALT Encoding   

  12  0:00  Drone  
  13  0:12  Overlord  
  13  0:18  Drone  
  14  0:31  Drone x2  
  14  0:34  Drone  
  17  0:53  Hatchery  
  17  0:56  Drone  
  17  0:59  Drone  
  17  1:01  Extractor  
  17  1:14  Spawning Pool  
  17  1:18  Drone  
  17  1:21  Drone  
  18  1:28  Drone  
  19  1:38  Overlord  
  19  1:49  Drone  
  20  2:00  Drone  
  20  2:01  Metabolic Boost, Queen  
  21  2:06  Queen  
  25  2:10  Zergling x2  
  26  2:16  Drone  
  26  2:21  Baneling Nest  
  26  2:24  Drone  
  26  2:26  Drone  
  28  2:30  Drone  
  28  2:32  Zergling x2  
  28  2:36  Drone  
  31  2:44  Queen  
  31  2:49  Overlord  
  33  2:54  Drone  
  33  2:55  Drone  
  33  2:58  Drone  
  36  3:09  Drone x4  
  40  3:21  Hatchery  
  38  3:28  Zergling x6  
  38  3:30  Drone  
  38  3:31  Drone  
  43  3:35  Overlord  
  43  3:40  Lair  
  43  3:47  Extractor  
  42  3:49  Drone  
  42  3:51  Overlord  
  42  3:55  Drone x4  
  47  3:57  Extractor  
  47  3:59  Extractor  
  44  4:03  Drone x3  
  44  4:04  Drone  
  48  4:13  Drone  
  49  4:18  Baneling  
  49  4:19  Baneling  
  49  4:21  Drone  
  49  4:22  Drone x3  
  53  4:24  Zergling x2  
  53  4:28  Queen  
  56  4:32  Queen, Baneling x2  
  56  4:36  Zergling x6  
  61  4:46  Spire, Zergling x2  
  61  4:54  Overlord  
  61  4:57  Drone x2  
  60  5:01  Drone x2  
  60  5:02  Drone x2  
  64  5:08  Drone  
  64  5:09  Overlord  
  64  5:12  Evolution Chamber  
  64  5:19  Roach Warren  
  64  5:20  Drone x3  
  66  5:23  Drone  
  66  5:25  Drone  
  66  5:27  Drone  
  69  5:32  Drone x3  
  72  5:36  Overlord  
  72  5:37  Zerg Missile Weapons Level 1  
  72  5:52  Overlord x2  
  72  5:58  Mutalisk x4  
  72  5:59  Glial Reconstitution  
  72  6:01  Roach x2  
  72  6:03  Overlord  
  84  6:05  Roach  
  84  6:09  Roach x2  
  89  6:23  Roach x8  
  103  6:31  Overlord  
  103  6:33  Roach x4  
  111  6:40  Extractor  
  111  6:42  Hydralisk Den  
  111  6:43  Extractor  
  107  6:49  Queen x3  
  112  7:02  Spore Crawler  
  112  7:03  Spore Crawler  
  108  7:09  Spore Crawler x2, Nydus Network  
  108  7:11  Spore Crawler, Hydralisk x2  
  108  7:15  Hydralisk  
  106  7:19  Hydralisk  
  110  7:25  Queen  
  110  7:28  Hydralisk x3  
  118  7:37  Muscular Augments  
  118  7:42  Hydralisk x2  
  122  7:48  Spore Crawler  
  122  7:50  Hydralisk  
  113  8:06  Nydus Canal  
  109  8:21  Overlord  
  109  8:22  Overlord  
  108  8:36  Nydus Canal  
  114  8:42  Overlord x2, Roach x4  
  122  8:49  Spore Crawler, Spine Crawler  
  122  8:51  Spore Crawler, Spine Crawler  

Tags
 
Add a new tag
Caveats
  • Supply blocks, unpowered buildings, or Contaminate may cause inaccurate times.
  • Supply counts are checked every 10 seconds.